Map: Apotheosis LE

Players

Elazer

  • Race: Zerg Zerg
  • League: Master

ShoWTimE - Winner!

  • Race: Protoss Protoss
  • League: Master

Event: DreamHack ZOWIE Open Valencia 2016

VOD

Have the link to the VOD?

Description

Time

  • Played on: July 15, 2016, 9:45 a.m.
  • Length: 11:39

All games in this series

Show
View Real Time Build Order
Export as new Build Order

Elazer Zerg 

Build Orders: Hatch First 

Get SALT Encoding   

  12  0:00  Drone  
  13  0:12  Overlord  
  13  0:17  Drone  
  14  0:30  Drone x2  
  14  0:34  Drone  
  17  0:51  Hatchery  
  17  0:55  Drone  
  17  0:58  Drone  
  18  1:09  Extractor  
  17  1:13  Spawning Pool  
  17  1:16  Drone  
  17  1:20  Drone  
  18  1:29  Drone  
  19  1:39  Overlord  
  19  1:55  Drone  
  19  2:00  Queen  
  19  2:01  Drone  
  23  2:03  Queen  
  25  2:08  Metabolic Boost  
  25  2:11  Drone  
  25  2:14  Drone  
  27  2:17  Drone  
  28  2:23  Zergling x2  
  28  2:26  Spine Crawler  
  28  2:28  Zergling x2  
  28  2:33  Zergling x2  
  28  2:44  Zergling x2  
  29  2:52  Roach Warren  
  28  2:59  Zergling x4  
  28  3:01  Zergling x2  
  29  3:07  Zergling x2  
  29  3:09  Zergling x2  
  31  3:19  Overlord  
  30  3:33  Overlord  
  29  3:37  Queen  
  29  3:38  Roach  
  33  3:45  Roach  
  35  3:49  Overlord  
  35  3:57  Roach  
  37  4:09  Overlord  
  36  4:20  Roach x3  
  36  4:22  Ravager x2  
  44  4:25  Extractor  
  44  4:27  Ravager  
  43  4:35  Drone  
  44  4:43  Drone  
  45  4:50  Drone x3  
  48  4:57  Roach  
  49  5:07  Roach  
  45  5:17  Roach  
  42  5:25  Roach x3  
  41  5:37  Hatchery  
  41  5:39  Roach  
  42  5:44  Ravager x2  
  42  5:47  Roach  
  46  5:57  Zergling x2  
  46  6:04  Ravager  
  48  6:09  Zergling x2  
  44  6:13  Ravager  
  45  6:18  Zergling x2  
  45  6:20  Queen  
  48  6:36  Drone  
  48  6:47  Drone  
  48  6:50  Drone x2  
  48  6:51  Drone  
  53  6:54  Drone x2  
  53  7:00  Drone  
  55  7:03  Drone  
  55  7:11  Drone  
  55  7:14  Drone  
  54  7:21  Lair  
  54  7:22  Overlord  
  50  7:23  Drone  
  50  7:25  Hatchery  
  50  7:28  Spore Crawler  
  50  7:30  Drone  
  50  7:32  Drone  
  50  7:34  Drone  
  50  7:36  Drone  
  53  7:40  Drone x2  
  55  7:45  Overlord  
  55  7:48  Drone  
  55  7:49  Drone  
  57  7:55  Queen  
  59  7:59  Overlord  
  59  8:01  Overlord  
  59  8:07  Overlord  
  59  8:10  Roach x2  
  63  8:19  Overseer  
  63  8:21  Glial Reconstitution  
  63  8:22  Roach x2  
  63  8:23  Roach  
  63  8:24  Ravager x2  
  63  8:26  Ravager  
  72  8:30  Queen  
  74  8:38  Queen  
  74  8:40  Queen  
  77  8:48  Extractor  
  77  8:54  Zergling x4, Spore Crawler, Nydus Network  
  75  8:59  Zergling x6  
  77  9:03  Drone x2  
  77  9:04  Drone  
  79  9:20  Zergling x4  
  79  9:22  Overlord  
  81  9:31  Nydus Canal  
  78  9:39  Overlord x2, Queen  
  74  9:53  Roach  
  74  9:54  Roach x2  
  74  9:55  Overlord x2  
  74  9:58  Roach  
  74  9:59  Roach  
  81  10:01  Roach  
  81  10:04  Roach  
  83  10:07  Roach  
  83  10:11  Roach  
  87  10:19  Roach x3  
  93  10:26  Roach x2  
  90  10:38  Roach x4  
  81  10:53  Roach x5  
  74  11:00  Roach x2  
  67  11:06  Hydralisk Den  
  67  11:08  Drone x3  
  67  11:13  Drone  
  68  11:19  Drone x2  
Show
View Real Time Build Order
Export as new Build Order

ShoWTimE Protoss - Winner!

Build Orders:  

Get SALT Encoding   

  12  0:00  Probe (Chrono Boost)  
  13  0:11  Probe (Chrono Boost)  
  14  0:22  Probe (Chrono Boost)  
  15  0:41  Pylon  
  15  0:59  Gateway x2  
  15  1:02  Gateway  
  15  1:03  Probe (Chrono Boost)  
  16  1:08  Assimilator  
  16  1:14  Probe (Chrono Boost)  
  17  1:20  Pylon  
  17  1:24  Probe (Chrono Boost)  
  18  1:35  Probe (Chrono Boost)  
  19  1:45  Zealot x2  
  23  1:48  Zealot  
  25  1:59  Cybernetics Core  
  25  2:07  Probe (Chrono Boost)  
  26  2:12  Zealot  
  26  2:13  Zealot  
  30  2:26  Pylon  
  30  2:34  Warp Gate  
  30  2:44  Adept x2  
  30  2:49  Mothership Core (Chrono Boost)  
  36  2:52  Pylon  
  36  2:58  Adept  
  37  3:16  Adept  
  37  3:19  Probe (Chrono Boost)  
  40  3:23  Pylon  
  45  3:34  Probe (Chrono Boost)  
  45  3:43  Stalker x2  
  45  3:46  Probe (Chrono Boost)  
  46  3:50  Assimilator  
  46  3:58  Probe (Chrono Boost)  
  47  4:08  Pylon  
  48  4:11  Probe (Chrono Boost)  
  46  4:23  Probe (Chrono Boost)  
  47  4:36  Nexus  
  48  4:41  Pylon  
  47  4:46  Stalker  
  47  4:53  Stalker  
  47  4:58  Adept  
  51  5:03  Probe (Chrono Boost)  
  48  5:15  Adept  
  48  5:19  Probe (Chrono Boost)  
  48  5:21  Adept  
  40  5:31  Probe (Chrono Boost)  
  38  5:43  Probe (Chrono Boost)  
  38  5:44  Stalker x2  
  42  5:50  Stalker  
  42  5:54  Probe (Chrono Boost)  
  42  5:55  Probe (Chrono Boost)  
  42  6:14  Adept  
  42  6:15  Adept x2  
  49  6:20  Probe x2 (Chrono Boost)  
  50  6:30  Probe (Chrono Boost), Stargate  
  51  6:35  Probe (Chrono Boost)  
  52  6:41  Probe (Chrono Boost)  
  52  6:43  Pylon  
  54  6:47  Probe (Chrono Boost)  
  54  6:57  Gateway  
  56  7:01  Probe (Chrono Boost)  
  56  7:02  Probe (Chrono Boost), Gateway  
  56  7:12  Phoenix, Probe (Chrono Boost)  
  56  7:14  Probe (Chrono Boost)  
  60  7:22  Probe (Chrono Boost)  
  59  7:26  Probe (Chrono Boost)  
  59  7:27  Gateway  
  56  7:33  Assimilator, Probe (Chrono Boost)  
  56  7:36  Assimilator, Phoenix  
  57  7:39  Probe (Chrono Boost)  
  60  7:45  Robotics Facility  
  60  7:48  Probe (Chrono Boost)  
  62  7:51  Probe (Chrono Boost)  
  62  7:57  Phoenix  
  62  7:59  Probe (Chrono Boost)  
  62  8:03  Probe (Chrono Boost)  
  66  8:06  Sentry x2  
  66  8:09  Probe (Chrono Boost)  
  71  8:15  Probe (Chrono Boost)  
  73  8:20  Probe (Chrono Boost), Phoenix  
  73  8:22  Pylon  
  75  8:30  Nexus  
  75  8:33  Probe x2 (Chrono Boost)  
  77  8:40  Observer  
  78  8:41  Pylon  
  78  8:46  Probe (Chrono Boost)  
  78  8:47  Phoenix  
  78  8:48  Probe (Chrono Boost)  
  80  8:49  Pylon  
  82  9:01  Probe (Chrono Boost)  
  83  9:03  Pylon  
  83  9:06  Probe (Chrono Boost)  
  83  9:07  Immortal  
  88  9:16  Probe (Chrono Boost)  
  89  9:18  Phoenix  
  91  9:26  Robotics Facility  
  91  9:28  Probe (Chrono Boost)  
  91  9:29  Probe (Chrono Boost)  
  93  9:37  Stalker, Sentry  
  97  9:46  Immortal  
  100  9:57  Zealot  
  99  10:09  Pylon, Sentry x2  
  99  10:12  Pylon  
  99  10:13  Immortal  
  103  10:20  Immortal  
  103  10:21  Zealot  
  113  10:32  Stalker  
  113  10:33  Stalker  
  111  10:48  Stalker, Immortal  
  109  10:54  Immortal  
  109  10:58  Stalker x2  
  109  11:04  Probe (Chrono Boost)  
  118  11:12  Forge  
  118  11:13  Probe (Chrono Boost), Assimilator  
  118  11:14  Twilight Council  
  118  11:16  Assimilator  
  118  11:17  Zealot  
  118  11:18  Assimilator  
  121  11:29  Pylon, Probe (Chrono Boost)  

Tags
 
Add a new tag
Caveats
  • Supply blocks, unpowered buildings, or Contaminate may cause inaccurate times.
  • Supply counts are checked every 10 seconds.